 Dungeon Crawl Stone Soup version 0.30.0-5-g1a98f26d00 (webtiles) character file.

Game seed: 1713520992433889062

23 hawla the Firebug (level 3, 0/26 HPs)
             Began as a Meteoran Fire Elementalist on May 12, 2023.
             Slain by an iguana (11 damage)
             ... on level 4 of the Dungeon.
             The game lasted 00:03:42 (555 turns).

hawla the Firebug (Meteoran Fire Elementalist)       Turns: 555, Time: 00:03:43

Health: 0/26       AC:  2    Str: 10    XL:     3   Next: 29%
Magic:  3/8        EV: 12    Int: 18    God:
Gold:   66         SH:  0    Dex: 14    Spells: 4/7 levels left

rFire   . . .        (no weapon)
rCold   . . .        (no shield)
rNeg    . . .        a - +0 robe
rPois   .            (no helmet)
rElec   .            (no cloak)
rCorr   .            (no gloves)
SInv    +            (no boots)
Will    .....        (no amulet)
Stlth   +            c - ring of see invisible
HPRegen 0.24/turn    (no ring)
MPRegen 0.11/turn

%: no passive effects
@: glowing
A: sense surroundings 1, otherworldly, glowing, explore regen
a: no special abilities


You were on level 4 of the Dungeon.
You visited 1 branch of the dungeon, and saw 5 of its levels.

You collected 66 gold pieces.

Inventory:

Armour
 a - a +0 robe (worn)
Jewellery
 c - a ring of see invisible (left hand)
 h - a ring of positive energy
Wands
 f - a wand of digging (7)
Scrolls
 d - a scroll of silence {unknown}
 g - a scroll of identify
 i - a scroll of poison {unknown}
Potions
 b - a potion of magic
 e - a potion of flight


   Skills:
 + Level 2.8 Dodging
 - Level 1.4 Stealth
 + Level 2.9 Spellcasting
 + Level 1.4 Conjurations
 + Level 4.3 Fire Magic
 * Level 0.6 Evocations


You had 4 spell levels left.
You knew the following spells:

 Your Spells              Type           Power      Damage    Failure   Level
a - Foxfire               Conj/Fire      52%        2x1d6     4%          1
b - Scorch                Fire           36%        2d6       4%          2

Your spell library contained the following spells:

 Spells                   Type           Power      Damage    Failure   Level
 Inner Flame              Hex/Fire       10%        N/A       21%         3
 Volatile Blastmotes      Fire/Tloc      20%        2d11      21%         3
 Sublimation of Blood     Necr           2%         N/A       26%         2
 Ozocubu's Armour         Ice            2%         N/A       45%         3
 Flame Wave               Conj/Fire      13%        2d6       45%         4
 Petrify                  Tmut/Erth      2%         N/A       86%         4
 Irradiate                Conj/Tmut      2%         3d12      98%         5
 Metabolic Englaciation   Hex/Ice        1%         N/A       99%         5
 Simulacrum               Ice/Necr       1%         N/A       100%        6


Dungeon Overview and Level Annotations

Branches:
Dungeon (5/15) Zot: 2445
 Temple: D:4-7

Altars:
Dithmenos
Fedhas
Xom

Shops:
D:1 :

Annotations:
D:3 2 transporters


Innate Abilities, Weirdness & Mutations

You passively map a small area around you.
You are easily found by Zot.
You glow in the dark.
You regain HP and MP as you explore.


Message History

Confirm with . or Enter, or press ? or * to list all spells.
Flames lash the jackal.
The jackal is almost dead.
The jackal's fire resistance burns away.
The foxfire hits the jackal but does no damage.
The jackal is moderately wounded.
The foxfire hits the jackal.
The jackal is heavily wounded.
The jackal bites you. The jackal misses you. The jackal closely misses you.
The jackal bites you.
Casting: Scorch (safe; 4% risk of failure)
Confirm with . or Enter, or press ? or * to list all spells.
Flames lash the jackal.
The jackal is burned terribly!
You kill the jackal!
The jackal bites you but does no damage.
Unknown command.
Casting: Scorch (safe; 4% risk of failure)
Confirm with . or Enter, or press ? or * to list all spells.
You conjure some foxfire!
The jackal bites you but does no damage.
You hit the jackal but do no damage. Your punch misses the jackal.
The jackal is heavily wounded.
The foxfire hits the jackal but does no damage.
The jackal is heavily wounded.
The foxfire hits the jackal.
You kill the jackal!
The iguana bites you. The iguana attacks as you move away!
The iguana closely misses you.
There is a stone staircase leading up here.
The iguana bites you.
You climb upwards.
Found a pink potion.
There is a stone staircase leading down here.
Casting: Foxfire (safe; 4% risk of failure)
Confirm with . or Enter, or press ? or * to list all spells.
Flames lash the iguana.
The iguana is heavily wounded.
The iguana's fire resistance burns away.
The iguana bites you!
You die...

* *
....# ,
#!..# *
#...#
*...*
...*
#.# #l#
#@# ,
#.# *
*#.# *
... , ,
,, ...
, ,
#.... *
##.#.
,*
###..,*


You could see an iguana (combustible).

Vanquished Creatures
  A dart slug (D:3)
  3 endoplasms
  A giant cockroach (D:1)
  4 hobgoblins
  3 jackals (D:5)
  A ball python (D:2)
  2 bats
  A frilled lizard (D:2)
  2 goblins (D:3)
18 creatures vanquished.

Vanquished Creatures (others)
  48 foxfires
48 creatures vanquished.

Grand Total: 66 creatures vanquished

Notes
Turn   | Place    | Note
-------+----------+-------------------------------------------
     0 | D:1      | hawla the Meteoran Fire Elementalist began the quest for
                  | the Orb.
     0 | D:1      | Reached XP level 1. HP: 14/14 MP: 5/5
    97 | D:1      | Reached XP level 2. HP: 20/20 MP: 3/6
   123 | D:1      | Found Isumepsik's Book Boutique.
   206 | D:1      | Reached skill level 4 in Fire Magic
   278 | D:3      | Noticed a steam dragon
   278 | D:3      | Noticed a jelly
   278 | D:3      | Found a transporter.
   278 | D:3      | Found a shadowy altar of Dithmenos.
   278 | D:3      | Found a blossoming altar of Fedhas.
   279 | D:3      | Found a shimmering altar of Xom.
   295 | D:3      | Learned a level 2 spell: Scorch
   299 | D:3      | Found a transporter.
   426 | D:3      | Reached XP level 3. HP: 24/26 MP: 5/8
   536 | D:5      | Entered Level 5 of the Dungeon
   555 | D:4      | Slain by an iguana

Illustrated notes

Levels and vault maps discovered:
D:1:      moated_graveyard_arrival, layout_basic, serial_shops, shop
D:2:      layout_basic, grunt_decor_fettered, nicolae_eternal_life, uniq_terence
D:3:      layout_basic, gammafunk_temple_overflow_arena, uniq_grinder,
          uniq_robin
D:4:      layout_loops_corners
D:5:      layout_loops_ring, lemuel_zombie_altar_kikubaaqudgha,
          mainiacjoe_overflow_catwalk_spiral, minmay_temple_entry_from_below_a,
          serial_shops, shop, reono_crystal_passage, uniq_crazy_yiuf_cottage

Skill      XL: |  1  2 |
---------------+-------+-----
Fire Magic     | 4 |  4.3
Dodging        | |  2.8
Stealth        | |  1.4
Spellcasting   | |  2.9
Conjurations   | |  1.4
Evocations     | |  0.6

Action                     || total
---------------------------++-------
  Melee: Unarmed           ||     4
   Cast: Foxfire           ||    27
         Scorch            ||     3
    Use: Scroll            ||     2
 Armour: Robe              ||     5
  Dodge: Dodged            ||     8
